 Dungeon Crawl Stone Soup version 0.23-a0-890-gc183402 (webtiles) character file.

Game seed: 524501373830149270

86 drasked the Conjurer (level 4, 0/33 HPs)
             Began as a Draconian Conjurer on Jan 28, 2019.
             Slain by a gnoll
             ... wielding a +0 flail
              (4 damage)
             ... on level 1 of the Dungeon.
             The game lasted 00:09:50 (2493 turns).

drasked the Conjurer (Draconian Conjurer)           Turns: 2493, Time: 00:09:51

Health: 0/33       AC:  5    Str: 11    XL:     4   Next: 27%
Magic:  6/9        EV: 12    Int: 16    God:
Gold:   122        SH:  0    Dex: 11    Spells: 6/10 levels left

rFire    . . .     SeeInvis .   n - +1 hunting sling (flame)
rCold    . . .     Gourm    .   (no shield)
rNeg     . . .     Faith    .   (armour unavailable)
rPois    .         Spirit   .   (helmet restricted)
rElec    .         Reflect  .   (no cloak)
rCorr    .         Harm     .   (no gloves)
MR       .....                  (no boots)
Stlth    ++........             (no amulet)
HPRegen  0.11/turn              (no ring)
MPRegen  0.11/turn              (no ring)

@: no status effects
A: unfitting armour, cold-blooded, AC +5
a: no special abilities


You were on level 1 of the Dungeon.
You were hungry.

You visited 1 branch of the dungeon, and saw 2 of its levels.

You collected 122 gold pieces.

Inventory:

Hand Weapons
 d - a +0 whip
   (You took it off a kobold on level 1 of the Dungeon)
 n - a +1 hunting sling of flaming (weapon)
   (You found it on level 2 of the Dungeon)
Missiles
 f - 3 curare-tipped needles
Jewellery
 a - an uncursed amulet of regeneration {unknown}
   (You found it on level 1 of the Dungeon)
 g - an uncursed ring of positive energy {unknown}
   (You found it on level 1 of the Dungeon)
Scrolls
 c - 2 scrolls of teleportation {unknown}
 h - a scroll of amnesia {unknown}
 j - a scroll of identify {unknown}
Potions
 e - 2 potions of haste {unknown}
 i - a potion of curing {unknown}
 k - a potion of lignification {unknown}
 l - 2 potions of berserk rage {unknown}
 m - a potion of invisibility {unknown}
Comestibles
 b - 5 rations


   Skills:
 - Level 1.7 Dodging
 - Level 1.7 Stealth
 * Level 3.6 Spellcasting
 + Level 4.6 Conjurations


You had 6 spell levels left.
You knew the following spells:

 Your Spells              Type           Power        Failure   Level  Hunger
a - Magic Dart            Conj           ###.         2%          1    None
b - Dazzling Spray        Conj/Hex       ##....       21%         3    ###....

Your spell library contained the following spells:

 Spells                   Type           Power        Failure   Level  Hunger
 Searing Ray              Conj           ###...       4%          2    ##.....
 Iskenderun's Mystic Bla  Conj           ###.....     26%         4    ####...
 Force Lance              Conj/Tloc      ##......     56%         4    ####...
 Fulminant Prism          Conj/Hex       ##........   56%         4    ####...


Dungeon Overview and Level Annotations

Branches:
Dungeon (2/15)

Altars:
Zin


Innate Abilities, Weirdness & Mutations

Your plain brown scales are hard. (AC +5)
You cannot fit into any form of body armour.
You are cold-blooded and may be slowed by cold attacks.


Message History

The stone burns the gnoll.
The gnoll closely misses you. The gnoll hits you but does no damage.
Firing (i - inventory)
p - 7 stones (quivered)
Aim: a gnoll, wielding a +0 halberd (severely wounded)
You shoot a stone. The stone barely misses the gnoll. x2
The gnoll hits you from afar with a +0 halberd.
The gnoll barely misses you.
You take 1 damage, and have 18/26 hp.
Firing (i - inventory)
p - 6 stones (quivered)
Aim: a gnoll, wielding a +0 halberd (severely wounded)
You shoot a stone. The stone barely misses the gnoll. x2
The gnoll is no longer blind.
The gnoll closely misses you. x2
Firing (i - inventory)
p - 5 stones (quivered)
Aim: a gnoll, wielding a +0 halberd (severely wounded)
You shoot a stone. The stone completely misses the gnoll.
The stone barely misses the gnoll.
The gnoll barely misses you. The gnoll hits you but does no damage.
Your magical contamination has completely faded away.
Firing (i - inventory)
p - 4 stones (quivered)
Aim: a gnoll, wielding a +0 halberd (severely wounded)
You shoot a stone. The stone hits the gnoll.
The stone burns the gnoll.
The gnoll hits you from afar with a +0 halberd.
The gnoll misses you.
You take 4 damage, and have 14/26 hp.
You see here a +0 club.
A gnoll comes into view. It is wielding a +0 club.
The gnoll shouts!
You hear a shout!
The gnoll moves out of view.
You hear a shout!
Firing (i - inventory)
p - 3 stones (quivered)
Aim: a gnoll, wielding a +0 halberd (severely wounded)
You shoot a stone. The stone hits the gnoll.
The stone burns the gnoll.
You kill the gnoll!
You have reached level 4!
You feel stronger.
You regained 5 hp, and now have 21/33 hp.
You don't know that spell.
Unknown command.
The gnoll hits you with a +0 club.
You take 6 damage, and have 15/33 hp.
The gnoll shouts!
The gnoll barely misses you. The gnoll closely misses you.
Aim: a gnoll, wielding a +0 halberd (severely wounded)
The spray of energy hits the gnoll.
The gnoll is dazzled.
The spray of energy misses the gnoll.
The gnoll closely misses you. The gnoll hits you with a +0 club.
You take 3 damage, and have 12/33 hp.
You now have 1/9 mp.
You see here 21 sling bullets.
Firing (i - inventory)
p - 2 stones (quivered)
Aim: a gnoll, wielding a +0 flail You shoot a stone.
The stone hits the gnoll.
The stone burns the gnoll.
The gnoll closely misses you.
You see here a dagger.
Firing (i - inventory)
p - a stone (quivered)
Aim: a gnoll, wielding a +0 flail You shoot a stone.
The stone hits the gnoll!
The stone burns the gnoll.
The gnoll hits you but does no damage.
Firing (i - inventory) No suitable missiles.
Aim: a gnoll, wielding a +0 flail
Okay, then.
The gnoll hits you with a +0 club. The gnoll closely misses you.
You take 2 damage, and have 12/33 hp.
The spray of energy hits the gnoll.
You kill the gnoll!
The spray of energy misses the gnoll.
The gnoll hits you from afar with a +0 halberd.
* * * LOW HITPOINT WARNING * * *
You take 4 damage, and have 8/33 hp.
You now have 0/9 mp.
The gnoll hits you with a +0 flail!
* * * LOW HITPOINT WARNING * * *
You take 7 damage, and have 1/33 hp.
MASSIVE DAMAGE!!
Things that are here:
a +0 robe; a goblin skeleton
Okay, then.
You see here a stone.
You see here a stone.
You are feeling hungry.
A gnoll comes into view. It is wielding a +0 whip.
The gnoll shouts!
Things that are here:
a +0 club; a hobgoblin skeleton
Things that are here:
a +0 robe; a goblin skeleton
Okay, then.
Aim: a gnoll, wielding a +0 halberd (severely wounded)
The spray of energy hits the gnoll.
The gnoll is dazzled.
You now have 4/9 mp.
The gnoll is no longer blind.
A frilled lizard comes into view.
There is a stone staircase leading up here.
The gnoll hits you with a +0 flail.
* * * LOW HITPOINT WARNING * * *
You climb upwards.
All of the chunks of flesh in your inventory have rotted away.
There is a stone staircase leading down here.
You take 6 damage, and have 4/33 hp.
The gnoll hits you with a +0 flail.
You die...

#.# #...........#. #(#
#.#########.## #># #.#
#.#. #.# #.#########.#.
#.# #............. #.#
####..########.#. #.#
#................
#.######g##..########.#.
#.#....@>)(..[..........
#.#.#######..########.#.
#.#.#.....#..# #.#.
#.#.......#..# #####...
#.###.#####..####...####
#.........#.....'...'...
#####.###.##.####...####
#.#.#.##.# #...#
#.#.#.##.# #...#


You could see a gnoll.

Vanquished Creatures
  2 adders (D:2)
  2 gnolls (D:2)
  A dart slug (D:1)
  2 leopard geckos
  3 bats (D:1)
  3 giant cockroaches
  5 hobgoblins
  6 jackals
  4 kobolds
  A quokka (D:2)
  A ball python (D:1)
  2 frilled lizards
  5 goblins
  4 rats
41 creatures vanquished.

Notes
Turn   | Place    | Note
-------+----------+-------------------------------------------
     0 | D:1      | drasked the Draconian Conjurer began the quest for the Orb.
     0 | D:1      | Reached XP level 1. HP: 14/14 MP: 3/3
   392 | D:1      | Reached XP level 2. HP: 20/20 MP: 0/5
  1303 | D:2      | Reached skill level 3 in Spellcasting
  1303 | D:2      | Reached XP level 3. HP: 26/26 MP: 2/7
  1626 | D:2      | Found a glowing silver altar of Zin.
  1626 | D:2      | Noticed an angel
  2001 | D:2      | Found a faded altar of an unknown god.
  2059 | D:2      | Learned a level 3 spell: Dazzling Spray
  2383 | D:2      | Reached XP level 4. HP: 21/33 MP: 3/9
  2409 | D:2      | HP: 8/33 [gnoll/+0 halberd (4)]
  2413 | D:2      | HP: 1/33 [gnoll/+0 flail (7)]
  2491 | D:2      | HP: 4/33 [gnoll/+0 flail (6)]
  2493 | D:1      | Slain by a gnoll

Vault maps used:
D:1:      dpeg_arrival_court
D:2:      zin_angel, chequers_ecumenical_altar_lobes, st_stairs_12,
          grunt_decor_cap

Skill      XL: |  1  2 |
---------------+-------+-----
Spellcasting   | 3 |  3.6
Dodging        | |  1.7
Stealth        | |  1.7
Conjurations   | |  4.6

Action                   |  1- 3 |  4- 6 || total
-------------------------+-------+-------++-------
Melee: Whip              |    30 |       ||    30
       Tailslap          |     1 |       ||     1
 Fire: Hunting sling     |    13 |     2 ||    15
 Cast: Magic Dart        |    85 |       ||    85
       Dazzling Spray    |     2 |     3 ||     5
  Eat: Chunk             |     5 |       ||     5
Armor: Skin              |    19 |       ||    19
Dodge: Dodged            |    59 |     5 ||    64

Table legend:
 A = Non-vault XP
 B = Vault XP
 C = Vault XP percentage of total XP
 D = Non-vault monster count
 E = Vault monster count
 F = Vault count percentage of total count
                 A         B        C        D         E       F
            +---------+---------+-------+---------+---------+-------
      Total |     110 |      14 |  11.3 |      40 |       1 |   2.4
            +---------+---------+-------+---------+---------+-------
        D:1 |      37 |       0 |   0.0 |      20 |       0 |   0.0
        D:2 |      73 |      14 |  16.1 |      20 |       1 |   4.8
            +---------+---------+-------+---------+---------+-------

Vault maps used:
D:1:      dpeg_arrival_court
D:2:      zin_angel, chequers_ecumenical_altar_lobes, st_stairs_12,
          grunt_decor_cap

Table legend:
 A = Turns spent in this place as a percentage of turns spent in the entire game.
 B = Non-inter-level travel turns spent in this place as a percentage of non-inter-level travel turns spent in the entire game.
 C = Inter-level travel turns spent in this place as a percentage of turns spent in this place.
 D = Turns resting spent in this place as a percentage of non-inter-level travel turns spent in this place.
 E = Turns spent auto-exploring this place as a percentage of non-inter-level travel turns spent in this place.
 F = Non-inter-level travel turns spent in this place divided by the number of levels of this place that you've seen.
                   A       B       C       D       E      F
               +-------+-------+-------+-------+-------+----------------------
         Total | 100.0 | 100.0 |   6.4 |  37.4 |  36.5 | 1166.5
       Dungeon | 100.0 | 100.0 |   6.4 |  37.4 |  36.5 | 1166.5
               +-------+-------+-------+-------+-------+----------------------

Table legend:
 A = Kills in this place as a percentage of kills in entire the game.
 B = Kills by you in this place as a percentage of kills by you in the entire game.
 C = Kills by friends in this place as a percentage of kills by friends in the entire game.
 D = Other kills in this place as a percentage of other kills in the entire game.
 E = Experience gained in this place as a percentage of experience gained in the entire game.
 F = Experience gained in this place divided by the number of levels of this place that you have seen.
                   A       B       C       D       E      F
               +-------+-------+-------+-------+-------+----------------------
         Total | 100.0 | 100.0 |   N/A |   N/A | 100.0 |  62.0
       Dungeon | 100.0 | 100.0 |   N/A |   N/A | 100.0 |  62.0
               +-------+-------+-------+-------+-------+----------------------
